 Dungeon Crawl Stone Soup version 0.21-a0-536-gdbbf329 (webtiles) character file.

58 kae the Insei (level 3, -4/29 HPs)
             Began as a Draconian Transmuter on Dec 14, 2017.
             Slain by a worm (10 damage)
             ... on level 3 of the Dungeon.
             The game lasted 00:01:08 (947 turns).

kae the Insei (Draconian Transmuter)                 Turns: 947, Time: 00:01:09

Health: -4/29      AC:  5    Str: 12    XL:     3   Next: 75%
Magic:  2/6        EV: 12    Int: 13    God:
Gold:   51         SH:  0    Dex: 12    Spells: 3/6 levels left

rFire    . . .     SeeInvis .   f - +0 club
rCold    . . .     Gourm    .   (no shield)
rNeg     . . .     Faith    .   (armour unavailable)
rPois    .         Spirit   .   (helmet restricted)
rElec    .         Reflect  .   (no cloak)
rCorr    .         Harm     .   (no gloves)
MR       .....                  (no boots)
Stlth    +.........             (no amulet)
HPRegen  0.09/turn              (no ring)
MPRegen  0.10/turn              (no ring)

@: flying (expiring)
A: unfitting armour, cold-blooded, AC +5
a: no special abilities


You were on level 3 of the Dungeon.
You were hungry.

You visited 1 branch of the dungeon, and saw 3 of its levels.

You collected 51 gold pieces.

Inventory:

Hand Weapons
 f - a +0 club (weapon)
Missiles
 a - 12 arrows
Jewellery
 d - an uncursed ring of positive energy {unknown}
Books
 b - a book of Changes

   Spells                             Type                      Level
   a - Beastly Appendage              Transmutation                1
   b - Sticks to Snakes               Transmutation                2
   c - Spider Form                    Transmutation/Poison         3
   d - Ice Form                       Ice/Transmutation            4
   e - Blade Hands                    Transmutation                5
Comestibles
 c - 3 bread rations
 g - a meat ration


   Skills:
 + Level 1.8 Fighting
 + Level 2.2 Dodging
 * Level 3.6 Unarmed Combat
 + Level 2.4 Spellcasting
 + Level 2.4 Transmutations


You had 3 spell levels left.
You knew the following spells:

 Your Spells              Type           Power        Failure   Level  Hunger
a - Beastly Appendage     Tmut           #.....       9%          1    #......
b - Sticks to Snakes      Tmut           #.......     14%         2    ###....


Dungeon Overview and Level Annotations

Branches:
Dungeon (3/15)

Altars:
Ashenzari

Annotations:
D:2 Sigmund


Innate Abilities, Weirdness & Mutations

Your plain brown scales are hard. (AC +5)
You cannot fit into any form of body armour.
You are cold-blooded and may be slowed by cold attacks.


Message History

You're too confused!
Unknown command.
You bump into the rock wall.
You feel less confused.
Memorise Sticks to Snakes, consuming 2 spell levels and leaving 3?
You start memorising the spell.
You continue memorising. x2
You are starting to lose your buoyancy.
The worm barely misses you.
You finish memorising.
Spell assigned to 'b'.
There are monsters nearby!
Casting: Beastly Appendage
Confirm with . or Enter, or press ? or * to list all spells.
You fail to create any snakes.
You are feeling hungry.
The rat twitches its whiskers.
The worm bites you but does no damage.
Casting: Sticks to Snakes
Confirm with . or Enter, or press ? or * to list all spells.
You fail to create any snakes.
The worm bites you!
You die...

. .. ...
...r .....
......####
.....arw@#
...[[.####
..... ....
... ##


You could see a worm, a worker ant and a rat.

Vanquished Creatures
  Jessica (D:2)
  An ooze (D:1)
  A leopard gecko (D:1)
  4 giant cockroaches (D:1)
  5 goblins (D:1)
  5 hobgoblins (D:1)
  A kobold (D:1)
  4 bats
  2 rats (D:1)
24 creatures vanquished.

Notes
Turn   | Place    | Note
-------+----------+-------------------------------------------
     0 | D:1      | kae the Draconian Transmuter began the quest for the Orb.
     0 | D:1      | Reached XP level 1. HP: 16/16 MP: 3/3
   170 | D:1      | Reached XP level 2. HP: 12/23 MP: 5/5
   408 | D:1      | Found a shattered altar of Ashenzari.
   593 | D:1      | Reached XP level 3. HP: 26/28 MP: 6/6
   837 | D:2      | Noticed Jessica
   844 | D:2      | Killed Jessica
   922 | D:2      | Noticed Sigmund
   945 | D:3      | Learned a level 2 spell: Sticks to Snakes
   947 | D:3      | Slain by a worm

Vault maps used:
D:1:      grunt_arrival_lava_bath, ashenzari_altar_1
D:2:      lemuel_coloured_pillars_altar, nicolae_overflow_hidden_temple,
          minmay_hexomino_p4, uniq_sigmund, uniq_jessica, uniq_terence

Skill      XL: |  1  2 |
---------------+-------+-----
Dodging        | 2 |  2.2
Fighting       | |  1.8
Unarmed Combat | |  3.6
Spellcasting   | |  2.4
Transmutations | |  2.4

Action                   || total
-------------------------++-------
Melee: Unarmed           ||    48
       Tailslap          ||    12
       Club              ||    52
       Headbutt          ||     6
       Kick              ||     1
 Cast: Beastly Appendage ||     7
       Sticks to Snakes  ||     2
  Use: Scroll            ||     1
       Potion            ||     1
Armor: Skin              ||    57
Dodge: Dodged            ||   104

Table legend:
 A = Spawn XP
 B = Non-spawn XP
 C = Spawn XP percentage of total XP
 D = Spawn monster count
 E = Non-spawn monster count
 F = Spawn count percentage of total count
 G = Total turns spent on level
                    A         B        C        D         E        F      G
               +---------+---------+-------+---------+---------+-------+---------
         Total |       0 |      83 |   0.0 |       0 |      24 |   0.0 |   947
               +---------+---------+-------+---------+---------+-------+---------
           D:1 |       0 |      43 |   0.0 |       0 |      21 |   0.0 |   766
           D:2 |       0 |      39 |   0.0 |       0 |       2 |   0.0 |   171
           D:3 |       0 |       1 |   0.0 |       0 |       1 |   0.0 |    10
               +---------+---------+-------+---------+---------+-------+---------
